 Dungeon Crawl Stone Soup version 0.26-a0-466-g989023bd0d (webtiles) character file.

Game seed: 11097807585525868049

90 protoss039 the Covert (level 4, -1/28 HPs)
             Began as a Kobold Delver on Aug 12, 2020.
             Slain by a gnoll
             ... wielding a +0 whip
              (5 damage)
             ... on level 2 of the Dungeon on Mar 4, 2022.
             The game lasted 00:05:08 (1605 turns).

protoss039 the Covert (Kobold Delver)               Turns: 1605, Time: 00:05:09

Health: -1/28      AC:  3    Str:  9    XL:     4   Next: 85%
Magic:  4/4        EV: 15    Int: 12    God:
Gold:   111        SH:  0    Dex: 16    Spells: 3/3 levels left

rFire    + . .     SeeInvis .   n - +3 dagger
rCold    . . .     Faith    .   (shield restricted)
rNeg     . . .     Spirit   .   b - +0 leather armour
rPois    .         Reflect  .   (no helmet)
rElec    .         Harm     .   (no cloak)
rCorr    .                      (no gloves)
MR       .....                  (no boots)
Stlth    +++++.....             (no amulet)
HPRegen  0.09/turn              k - ring of protection from fire
MPRegen  0.09/turn              (no ring)

@: no status effects
A: small, nightstalker 3
a: no special abilities


You were on level 2 of the Dungeon.
You visited 1 branch of the dungeon, and saw 5 of its levels.

You collected 111 gold pieces.

Inventory:

Hand Weapons
 n - a +3 dagger (weapon)
Armour
 b - a +0 leather armour (worn)
Jewellery
 k - a ring of protection from fire (left hand)
Wands
 g - a wand of digging (3)
 h - a wand of paralysis (9)
Scrolls
 c - a scroll of fog
 d - a scroll of magic mapping
 e - a scroll of fear
 i - a scroll of noise {unknown}
 j - 3 scrolls of blinking {unknown}
 l - 2 scrolls of identify {unknown}
 o - a scroll of teleportation {unknown}
Potions
 a - 2 potions of curing {unknown}
 f - a potion of haste
 m - 2 potions of mutation {unknown}


   Skills:
 + Level 3.5 Fighting
 + Level 3.4 Short Blades
 * Level 3.1 Dodging
 * Level 8.1 Stealth


You had 3 spell levels left.
You didn't know any spells.
Your spell library was empty.

Dungeon Overview and Level Annotations

Branches:
Dungeon (5/15)
 Temple: D:4-7

Altars:

Annotations:
D:4 Edmund


Innate Abilities, Weirdness & Mutations

You are small and have problems with some larger weapons.
You are completely attuned to the shadows.


Message History

A bat comes into view.
The gnoll hits you with a +0 whip.
Unknown command.
You are too injured to fight recklessly!
Unknown command.
You are too injured to fight recklessly!
Unknown command.
The bat hits you.
You hit the bat.
The bat is heavily wounded.
The bat closely misses you. The bat barely misses you.
The gnoll closely misses you.
You hit the bat.
You kill the bat!
The gnoll hits you with a +0 whip.
The gnoll hits you from afar with a +0 halberd!
* * * LOW HITPOINT WARNING * * *
You see here a bat corpse.
The gnoll hits you with a +0 whip.
You die...

#........##
#.......#.#
##.....##.#
##....##.#
##.#.#.##
##..<## ##.##
#.# .# #@#
#.#
#g######.###
#..g.......##
#.....†......
##.#####†#.#
#.# #....#
#.# #..#..
##.. # #.#


You could see a gnoll.

Vanquished Creatures
  A bullfrog zombie (D:3)
  A gnoll (D:2)
  2 oozes
  A worm (D:3)
  A leopard gecko (D:1)
  3 orcs
  A ball python (D:1)
  3 giant cockroaches
  8 goblins
  A hobgoblin (D:1)
  A quokka (D:3)
  2 bats
  2 frilled lizards (D:1)
  2 kobolds
  4 rats
33 creatures vanquished.

Notes
Turn   | Place    | Note
-------+----------+-------------------------------------------
     0 | D:5      | protoss039 the Kobold Delver began the quest for the Orb.
     0 | D:5      | Reached XP level 1. HP: 14/14 MP: 1/1
    16 | D:5      | Noticed a scorpion
    16 | D:5      | Noticed a scorpion
    43 | D:4      | Noticed Edmund
    51 | D:4      | Noticed a worker ant
    84 | D:3      | Reached XP level 2. HP: 11/19 MP: 2/2
    92 | D:3      | Reached skill level 7 in Stealth
   268 | D:3      | Reached XP level 3. HP: 5/23 MP: 3/3
   614 | D:3      | Reached XP level 4. HP: 20/28 MP: 4/4
  1405 | D:1      | Reached skill level 8 in Stealth
  1605 | D:2      | Slain by a gnoll

Illustrated notes

Levels and vault maps discovered:
D:1:      shiori_arrival_maze, layout_loops_cross
D:2:      layout_loops_ring
D:3:      minmay_angry_zag, layout_basic, chequers_ecumenical_altar_simple_redux
D:4:      layout_cave_pools, serial_shops, shop, hangedman_abyss_or_decor_slice,
          grunt_gozag_statues, uniq_blork_the_orc, uniq_edmund
D:5:      layout_gridville, serial_shops, shop, basic_altar,
          nicolae_tso_carved_into_rock, uniq_eustachio

Skill      XL: |  1  2  3  4 |
---------------+-------------+-----
Stealth        | 7 8 |  8.1
Short Blades   | 3 |  3.4
Dodging        | 3 |  3.1
Fighting       | |  3.5

Action                   |  1- 3 |  4- 6 || total
-------------------------+-------+-------++-------
Melee: Short sword       |    54 |    29 ||    83
       Dagger            |       |    18 ||    18
 Stab: Sleeping          |       |    18 ||    18
Armor: Leather armour    |     4 |     4 ||     8
Dodge: Dodged            |    38 |    20 ||    58

Table legend: (Time is in decaauts)
 A = Elapsed time spent in this place.
 B = Non-inter-level travel time spent in this place.
 C = Inter-level travel time spent in this place.
 D = Time resting spent in this place.
 E = Time spent auto-exploring this place.
 F = Levels seen in this place.
 G = Mean time per level.
                   A        B        C        D        E       F      G
               +--------+--------+--------+--------+--------+-----+--------+
         Total |   1597 |   1410 |    187 |    358 |    738 |   5 |  319.4 |
       Dungeon |   1597 |   1410 |    187 |    358 |    738 |   5 |  319.4 |
               +--------+--------+--------+--------+--------+-----+--------+

Top non-repeatable levels by time:
     D:1: 876 daAuts
     D:3: 578 daAuts
     D:2: 74 daAuts
     D:4: 47 daAuts
     D:5: 21 daAuts
